Cogmind - Beta 17.1 @@@ ROGUE MODE // 2026.09.03 @ 23:53:09 Player: TheLostLambda Result: Destroyed by S-27 Virus with Autogun Performance ------------- Evolutions (5) 2500 Regions Visited (10) 2000 Robots Destroyed (120) 600 Value Destroyed (3782) 3782 Prototype IDs (12) 240 Alien Tech Used (0) 0 Bonus (8366) 8366 TOTAL SCORE: 17488 Bonus ------- High Alert Combat Kills 473 Follower Combat Kills 204 Prayed to X0-1V1 5000 Major X0-1V1 Interference 1900 Entered DSFs 500 Acquired ECA 300 Friendly Fire -11 Cogmind --------- Core Integrity 0/700 Matter 69/300 Energy 1155/1200 System Corruption 12% Temperature Cool (0) Movement Treading (160) Location -5/Upper Caves Parts ------- > --- POWER (1) -------- (None) > --- PROPULSION (5) --- Heavy Treads Heavy Treads > --- UTILITY (7) ------ Encrypted Comm Array X0-1V1's Piety Tracker > --- WEAPON (4) ------- (None) > --- INVENTORY (6) ---- Heavy Treads Peak State ------------ > --- POWER ------------ Antimatter Reactor > --- PROPULSION ------- Heavy Treads Heavy Treads Improved Cesium-ion Thruster > --- UTILITY ---------- Huge Storage Unit Triangulator Advanced Terrain Scanner Advanced Terrain Scan Processor Improved Transmission Jammer Jamming Amplifier X0-1V1's Piety Tracker > --- WEAPON ----------- Mass Driver Mass Driver Smartbomb Launcher > --- INVENTORY -------- Reinforced Deuterium Engine Fission Core Light Fission Core Antimatter Reactor Quantum Reactor Heavy Treads Heavy Treads Heavy Treads Improved Cooling System Large Storage Unit Advanced Trap Scanner Advanced Targeting Computer Matter Filter Precision Energy Filter Improved Light Armor Plating Improved Light Armor Plating High-powered Shock Rifle Improved Arc Projector Proton Cannon Enhanced Nova Cannon Enhanced Nova Cannon Mass Driver Chainsword [Rating: 115] Favorites ----------- Power Deuterium Engine Engine Deuterium Engine Power Core Light Nuclear Core Reactor Antimatter Reactor Propulsion Armored Treads Treads Armored Treads Wheel Armored Huge Wheel Flight Unit Improved Cesium-ion Thruster Utility X0-1V1's Piety Tracker Device X0-1V1's Piety Tracker Storage Large Storage Unit Processor Advanced Terrain Scan Processor Protection Improved Light Armor Plating Weapon Improved Assault Rifle Energy Gun Heavy EM Shotgun Energy Cannon Advanced Beam Cannon Ballistic Gun Improved Assault Rifle Ballistic Cannon Mass Driver Launcher Grenade Launcher Special Weapon Mining Laser Impact Weapon Maul Slashing Weapon Katana Build | -11 -10 -9 -8 -7 -7 -6 -5 -5 -5 -5 ------- Run | Yrd Mat Mat Mat Fac DSF Fac Fac Was Fac Upp Slots Evolved 10 | . . 2 2 2 . 2 2 . . . Power . | . . . . . . . . . . . Propulsion 3 | . . . 1 1 . 1 . . . . Utility 5 | . . 2 . . . 1 2 . . . Weapon 2 | . . . 1 1 . . . . . . Parts Attached 88 | 8 15 10 9 2 8 7 5 6 15 3 Power 10 | 1 2 1 . . 2 . 2 1 1 . Engine 5 | 1 1 1 . . 2 . . . . . Core 3 | . 1 . . . . . 2 . . . Reactor 2 | . . . . . . . . 1 1 . Propulsion 19 | 2 4 2 2 . 4 1 . 2 1 1 Treads 15 | 2 4 2 2 . 1 . . 2 1 1 Leg . | . . . . . . . . . . . Wheel 3 | . . . . . 3 . . . . . Hover . | . . . . . . . . . . . Flight 1 | . . . . . . 1 . . . . Utility 26 | 2 4 3 3 . 1 4 2 1 4 2 Device 13 | 1 2 1 . . . 3 1 . 3 2 Storage 5 | 1 2 . 1 . . . . 1 . . Processor 3 | . . 1 . . . 1 1 . . . Hackware . | . . . . . . . . . . . Protection 5 | . . 1 2 . 1 . . . 1 . Artifact . | . . . . . . . . . . . Weapon 33 | 3 5 4 4 2 1 2 1 2 9 . Energy Gun 12 | 1 1 1 3 2 . . 1 1 2 . Energy Cannon 2 | . . 1 . . . . . . 1 . Ballistic Gun 6 | 1 2 2 . . . . . . 1 . Ballistic Cannon 6 | . . . . . 1 1 . 1 3 . Launcher 3 | . 1 . . . . . . . 2 . Special Weapon 2 | 1 1 . . . . . . . . . Impact Weapon . | . . . . . . . . . . . Slashing Weapon 2 | . . . 1 . . 1 . . . . Piercing Weapon . | . . . . . . . . . . . Special Melee Weapon . | . . . . . . . . . . . Unidentified Prototypes 9 | . 2 2 1 . . 2 . . 2 . Corrupted Parts 1 | . . . . . 1 . . . . . System Corruption 1 | . . . . . 1 . . . . . Parts Lost 16 | . 2 . 4 . 5 . . . 5 . Power 2 | . 1 . . . . . . . 1 . Propulsion 2 | . . . . . 2 . . . . . Utility 5 | . . . . . 2 . . . 3 . Weapon 7 | . 1 . 4 . 1 . . . 1 . Highest Loss Streak 5 | . 1 . 2 . 2 . . . 5 . To Critical Strikes . | . . . . . . . . . . . Average Backups 14 | 2 12 14 14 11 14 14 14 18 21 1 Power 1 | . . 1 1 1 1 2 2 3 4 . Propulsion 2 | . 3 4 2 2 . . . 1 2 1 Utility 4 | . 3 2 4 4 5 5 5 5 7 . Weapon 5 | 1 4 6 5 2 5 6 7 6 6 . Tool/Special . | . . . . . . . . . . . Unused Backups 31 | . 5 5 5 . 1 3 . 2 9 1 Power 4 | . 1 1 . . . 1 . . 1 . Propulsion 9 | . 2 3 1 . . . . . 2 1 Utility 10 | . 1 . 2 . 1 1 . 1 4 . Weapon 7 | . 1 1 2 . . . . 1 2 . Tool/Special 1 | . . . . . . 1 . . . . Average Slot Usage (%) 91 | . 99 98 99 99 82 78 81 82 81 17 Engine 5 | . 6 11 9 7 7 6 . . . . Core 2 | . 7 . . . . . 4 1 . . Reactor 1 | . . . . . . . . 3 4 . Treads 19 | . 28 22 27 30 12 . . 7 10 11 Wheel 1 | . . . . . 7 13 11 3 . . Flight 1 | . . . . . . 4 5 5 4 . Device 16 | . 14 19 13 9 13 17 22 23 21 5 Storage 9 | . 14 11 9 7 7 6 5 5 4 . Processor 5 | . . 10 8 . . 3 11 11 10 . Protection 2 | . . 2 5 12 7 4 . . . . Energy Gun 6 | . 13 . 13 7 3 2 2 5 1 . Ballistic Gun 6 | . 5 18 3 12 10 5 3 . . . Ballistic Cannon 3 | . . . . . 4 6 5 9 13 . Special Weapon 2 | . 7 . . . . . . . . . Slashing Weapon 2 | . . . 8 7 5 3 4 1 1 . Peak Build Rating 115 | 7 22 34 45 50 54 71 84 98 115 43 Average Rating 47 | 4 10 32 42 49 45 66 82 93 104 34 On Entrance 42 | . 7 22 34 43 49 45 71 84 98 14 Avg Prop Armor Cover (%) 3 | . . . . . 2 . . . 11 . Naked Turns 34 | . . . . . . . . . 34 . Heaviest Build 130 | 12 32 39 44 48 63 62 54 121 130 1 Greatest Support 140 | 40 40 40 62 82 82 56 56 140 140 140 Greatest Overweight (x) 2 | . . . . . 2 1 . . 1 . Average Overweight (x) . | . . . . . . . . . . . Largest Inventory Capacity 26 | 8 15 15 15 15 15 16 16 26 26 6 Average Capacity 16 | 6 13 15 15 15 15 15 16 22 25 6 Most Carried 26 | 7 15 15 15 12 15 16 16 24 26 2 Average Carried 15 | 2 12 14 14 11 14 14 14 20 24 2 Final Capacity 26 | 8 15 15 15 15 15 16 16 26 6 6 Final Carried 24 | 6 15 15 12 12 12 16 16 24 4 2 Class Distribution -------------------- 62% | Mutant 20% | Hauler-Skirmisher 7% | Tank 4% | Skirmisher Dominant Class ---------------- Mutant | -10/Materials Mutant | -9/Materials Mutant | -8/Materials Tank | -7/Factory Tank | -7/DSF Skirmisher | -6/Factory Infiltrator-Skirmisher | -5/Factory Hauler-Skirmisher | -5/Waste Hauler-Skirmisher | -5/Factory Mutant | -5/Upper Caves Resources | -11 -10 -9 -8 -7 -7 -6 -5 -5 -5 -5 ----------- Run | Yrd Mat Mat Mat Fac DSF Fac Fac Was Fac Upp Matter Collected 3211 | 285 348 528 241 . 423 167 . 390 829 . Remotely . | . . . . . . . . . . . Salvage Created 4885 | 95 532 1119 999 . 490 182 . 497 971 . Parts 212 | 7 36 63 41 . 24 9 . 2 30 . Haulers Intercepted 5 | . 2 2 1 . . . . . . . Recyclers Shooed 5 | . 2 1 1 . . . . . 1 . Parts Field Recycled . | . . . . . . . . . . . Retrieved Matter . | . . . . . . . . . . . Parts Self-Destructed . | . . . . . . . . . . . Prevented . | . . . . . . . . . . . Parts Restored . | . . . . . . . . . . . Kills | -11 -10 -9 -8 -7 -7 -6 -5 -5 -5 -5 ------- Run | Yrd Mat Mat Mat Fac DSF Fac Fac Was Fac Upp Combat Hostiles Destroyed 88 | . 14 21 16 . 11 5 . 2 19 . Melee 4 | . . . 3 . . . . . 1 . Guns 47 | . 6 20 11 . 9 . . . 1 . Cannons 17 | . . . . . 2 2 . 2 11 . AOE 19 | . 8 1 1 . . 3 . . 6 . Classes Destroyed 18 | 2 6 4 . . 2 . . 1 3 . Worker 4 | . . . . . . . . . 4 . Builder 2 | . 1 . . . . . . . 1 . Tunneler 1 | 1 . . . . . . . . . . Hauler 5 | . 2 2 1 . . . . . . . Recycler 11 | 1 1 1 6 . . . . . 2 . Mechanic 1 | . 1 . . . . . . . . . Operator 5 | . 1 3 1 . . . . . . . Watcher 3 | . . 1 . . . . . . 2 . Swarmer 30 | . 6 2 11 . 8 1 . . 2 . Grunt 34 | . 8 12 4 . . 3 . . 7 . Brawler 2 | . . 1 . . . . . . 1 . Duelist 2 | . . 2 . . . . . . . . Sentry 11 | . . 4 1 . 1 1 . . 4 . Specialist 1 | . . . . . . . . . 1 . Hunter 2 | . . . . . 1 . . . 1 . Programmer 3 | . . . . . . . . . 3 . Heavy 1 | . . . . . 1 . . . . . Compactor 2 | . . . . . . . . 2 . . Best Kill Streak 8 | 1 4 5 6 . 4 3 . 2 8 . Combat Bots Only 6 | . 3 5 6 . 4 3 . 2 5 . Max Kills in Single Turn 3 | 1 2 2 1 . 1 3 . 1 3 . Gunslinging 1 | . . 1 . . . . . . . . Exploded 3 | . 2 1 1 . . 3 . . 3 . Melee 1 | . . . 1 . . . . . 1 . Uniques/NPCs Destroyed . | . . . . . . . . . . . Combat | -11 -10 -9 -8 -7 -7 -6 -5 -5 -5 -5 -------- Run | Yrd Mat Mat Mat Fac DSF Fac Fac Was Fac Upp Hostile Shots Fired 635 | . 54 99 118 . 98 30 . 1 203 32 Missed 190 | . 21 25 35 . 28 14 . . 59 8 Hits 445 | . 33 74 83 . 70 16 . 1 144 24 Melee 7 | . . 6 . . . . . 1 . . Projectile 438 | . 33 68 83 . 70 16 . . 144 24 AOE 1 | . . . 1 . . . . . . . Critical Strikes 13 | . . 2 1 . 3 . . . 7 . Part Disruptions 2 | . . . . . . . . . 2 . Damage Taken 6648 | . 440 871 1159 . 1006 148 . 34 2669 321 Core 1366 | . 126 199 225 . 77 25 . . 615 99 Absorbed by Shields 11 | . . . . . 11 . . . . . Reduced by Siege Mode 47 | . . . . . . . . . 47 . Redirected to Shielding 159 | . . . . . . . . . 159 . Ignored by Resistances 374 | . . 28 55 . 145 13 . 4 81 48 Regen/Repaired (Parts) 225 | . . . 225 . . . . . . . Core Remaining (%) 74 | 100 49 38 78 . 87 96 . . . . Volleys Fired 267 | 8 74 57 33 . 28 6 . 10 51 . Largest 4 | 1 2 2 3 . 3 3 . 3 4 . Hottest 202 | 40 150 53 150 . 123 123 . 167 202 . Shots Fired 533 | 8 110 113 61 . 72 16 . 28 125 . Gun 349 | 8 84 112 60 . 55 10 . 10 10 . Cannon 152 | . . . . . 17 6 . 18 111 . Launcher 14 | . 8 1 1 . . . . . 4 . Special 18 | . 18 . . . . . . . . . Kinetic 338 | 5 12 112 17 . 56 11 . 18 107 . Thermal 94 | 3 90 . . . . . . 1 . . Explosive 14 | . 8 1 1 . . . . . 4 . Electromagnetic 87 | . . . 43 . 16 5 . 9 14 . Robot Hit Streak 14 | 5 10 13 9 . 9 5 . 7 14 . Robot Miss Streak 6 | 2 5 1 6 . 4 2 . 3 3 . Penetration Max 1 | . . . . . . . . . 1 . Secondary Targets 3 | . . 3 . . . . . . . . Max Gunslinging Chain 1 | . . 1 . . . . . . . . Shots Hit Robots 352 | 6 51 89 54 . 44 11 . 21 76 . Core Hits 197 | 3 34 45 29 . 25 10 . 4 47 . Critical Kills 3 | . . . 3 . . . . . . . Critical Parts Destroyed . | . . . . . . . . . . . Critical Strikes 19 | . 3 . 5 . . . . . 11 . Burn 3 | . 3 . . . . . . . . . Blast 10 | . . . . . . . . . 10 . Smash 3 | . . . 3 . . . . . . . Sever 3 | . . . 2 . . . . . 1 . Melee Attacks 38 | . . . 23 . . 6 . . 9 . Impact 17 | . . . 17 . . . . . . . Slashing 21 | . . . 6 . . 6 . . 9 . Piercing . | . . . . . . . . . . . Sneak Attacks 6 | . . . 5 . . . . . 1 . Combat Hostiles . | . . . . . . . . . . . Follow-up Attacks . | . . . . . . . . . . . Damage Inflicted 11337 | 74 1287 1437 1537 . 891 1004 . 705 4400 2 Guns 3590 | 74 559 1377 637 . 611 119 . 34 179 . Cannons 3752 | . . . . . 280 229 . 671 2572 . Explosions 2913 | . 625 27 135 . . 656 . . 1470 . Melee 927 | . . . 765 . . . . . 162 . Ramming 83 | . 31 33 . . . . . . 17 2 Kinetic 5821 | 63 123 1377 107 . 642 268 . 671 2570 . Thermal 1932 | 11 508 . 98 . . 656 . 23 636 . Explosive 1523 | . 625 27 37 . . . . . 834 . Electromagnetic 1051 | . . . 530 . 249 80 . 11 181 . Impact 582 | . . . 582 . . . . . . . Slashing 345 | . . . 183 . . . . . 162 . Piercing . | . . . . . . . . . . . Highest Corruption 12 | . . . 8 . 11 . . . 11 12 Average Corruption 7 | . . . 8 . 4 . . . 7 12 Corruption Purged . | . . . . . . . . . . . Corruption Blocked . | . . . . . . . . . . . Effects 19 | . . . 10 . 3 . . . 4 2 Message Errors 5 | . . . 2 . 1 . . . 1 1 Matter Fused 4 | . . . 3 . 1 . . . . . Heat Flow Errors 1 | . . . 1 . . . . . . . Energy Discharges 4 | . . . 3 . . . . . 1 . Data Loss (minor) 1 | . . . . . . . . . 1 . Misfires 1 | . . . . . 1 . . . . . Alerts 1 | . . . 1 . . . . . . . Misdirections 2 | . . . . . . . . . 1 1 Overload Shots . | . . . . . . . . . . . Overflow Damage 558 | . 43 . 189 . 24 43 . . 259 . Projectiles 91 | . . . . . 24 15 . . 52 . Explosions 250 | . 43 . 1 . . 28 . . 178 . Melee 217 | . . . 188 . . . . . 29 . Knockbacks 18 | . . . 5 . 2 . . . 11 . Impact 3 | . . . 3 . . . . . . . Kinetic 13 | . . . . . 2 . . . 11 . Secondary 2 | . . . 2 . . . . . . . Self-Inflicted Damage 219 | . 111 . 83 . . 25 . . . . Shots 7 | . 3 . 3 . . 1 . . . . Rammed 18 | . 5 6 . . . . . . 3 4 Targets Rammed 19 | . 6 6 . . . . . . 3 4 Kicked . | . . . . . . . . . . . Crushed 1 | . 1 . . . . . . . . . Highest Temperature 314 | . 220 314 215 . 6 90 . 186 108 . Average Temperature 62 | . 45 84 91 . 3 43 . 62 29 . Received Heat Transfer 1266 | . 105 315 291 . 12 30 . . 513 . Siege Activations 2 | . . . . . . . . . 2 . Total Turns 28 | . . . . . . . . . 28 . Longest Duration 25 | . . . . . . . . . 25 . Martial Activations . | . . . . . . . . . . . Shielding Activations . | . . . . . . . . . . . Robots Disrupted . | . . . . . . . . . . . Combat Hostiles . | . . . . . . . . . . . Robots Corrupted 2 | . . . 2 . . . . . . . Combat Hostiles 1 | . . . 1 . . . . . . . Parts Fried 7 | . . . 5 . 1 . . . 1 . Impact Corruptions 6 | . . . 6 . . . . . . . Robots Melted . | . . . . . . . . . . . Combat Hostiles . | . . . . . . . . . . . Parts Melted 8 | . 4 3 . . . 1 . . . . Heat Transferred 2721 | 25 1596 . 50 . . 450 . 50 550 . Parts Sabotaged . | . . . . . . . . . . . Parts Stolen . | . . . . . . . . . . . Parts Stripped . | . . . . . . . . . . . Power Chain Reactions 3 | . . . 2 . . 1 . . . . Alert | -11 -10 -9 -8 -7 -7 -6 -5 -5 -5 -5 ------- Run | Yrd Mat Mat Mat Fac DSF Fac Fac Was Fac Upp Maximum Alert Level 3 | . . 2 3 2 2 1 . . 3 . Low Security (%) 51 | 100 100 50 . . . . 100 100 23 . Level 1 25 | . . 23 75 18 33 100 . . 18 . Level 2 14 | . . 26 19 81 66 . . . 9 . Level 3 9 | . . . 4 . . . . . 48 . Level 4 . | . . . . . . . . . . . Level 5 . | . . . . . . . . . . . High Security . | . . . . . . . . . . . Max Security . | . . . . . . . . . . . Sterilizations 2 | . . . . . 1 1 . . . . Peak Influence 967 | 5 126 673 711 568 613 399 177 51 967 . Initial 348 | . . 26 276 320 348 321 177 51 . . Average 248 | . 49 220 330 491 435 331 162 3 544 . Influence Increases 4529 | 10 519 956 825 258 315 232 . 2 1412 . Destroy 0b10 Robot/C 1800 | . 280 420 320 . 220 100 . . 460 . Destroy 0b10 Robot/NC 165 | 10 30 35 40 . . . . . 50 . Destroy Leader 366 | . 64 106 52 . 10 20 . . 114 . Allied During Kill 35 | . . . . . . . . . 35 . Successful Hack 61 | . 19 16 9 . . 5 . . 12 . Disable Machine 450 | . 30 . 15 . 15 60 . . 330 . Destroy Structure 514 | . 81 13 10 . 10 32 . 2 366 . Lose Combat Pursuer 270 | . 15 30 105 . 60 15 . . 45 . Miscellaneous 868 | . . 336 274 258 . . . . . . Influence Decreases 3955 | 10 456 364 775 465 200 482 216 149 467 371 Entered New Map 1876 | . . 37 379 385 150 292 186 96 . 351 Time Decay 1859 | 10 436 327 356 80 . 190 30 33 377 20 Lost Part 160 | . 20 . 40 . 50 . . . 50 . Lost Ally 60 | . . . . . . . . 20 40 . Squads Dispatched 24 | . 3 3 5 . 1 5 . . 7 . Investigation 5 | . 1 1 2 . . 1 . . . . Extermination 2 | . . . . . . 1 . . 1 . Reinforcement 11 | . 2 2 1 . 1 . . . 5 . Assault 2 | . . . 2 . . . . . . . Garrison 4 | . . . . . . 3 . . 1 . Intercept . | . . . . . . . . . . . Searches Triggered . | . . . . . . . . . . . Construction Impeded 1 | . . . . . . . . . 1 . Haulers Reinforced . | . . . . . . . . . . . Active Scanning Responses . | . . . . . . . . . . . Cargo Convoy Interrupts 1 | . . . . . . . . . 1 . Stealth | -11 -10 -9 -8 -7 -7 -6 -5 -5 -5 -5 --------- Run | Yrd Mat Mat Mat Fac DSF Fac Fac Was Fac Upp Distress Signals 7 | . 4 2 1 . . . . . . . Communications Jammed 34 | . . . . . . . . . 34 . Distress Signals 34 | . . . . . . . . . 34 . Times Spotted 168 | . 36 34 24 . 17 7 . 6 39 5 Peak Tracking Total 11 | . 4 4 11 . 4 2 . 5 8 5 Tactical Retreats 12 | . 1 1 5 . 3 1 . . 1 . Traps | -11 -10 -9 -8 -7 -7 -6 -5 -5 -5 -5 ------- Run | Yrd Mat Mat Mat Fac DSF Fac Fac Was Fac Upp Traps Triggered 7 | . 1 1 1 . 3 . 1 . . . Indirectly . | . . . . . . . . . . . Trap Hack Attempts . | . . . . . . . . . . . Triggered . | . . . . . . . . . . . Disarmed . | . . . . . . . . . . . Reprogrammed . | . . . . . . . . . . . Reused . | . . . . . . . . . . . Traps Extracted . | . . . . . . . . . . . Installed . | . . . . . . . . . . . Triggered . | . . . . . . . . . . . Machines | -11 -10 -9 -8 -7 -7 -6 -5 -5 -5 -5 ---------- Run | Yrd Mat Mat Mat Fac DSF Fac Fac Was Fac Upp Machines Disabled 30 | . 2 . 1 . 1 4 . . 22 . Max in Single Turn 8 | . 1 . 1 . 1 4 . . 8 . Machines Repaired . | . . . . . . . . . . . Machines Dismantled . | . . . . . . . . . . . Machines Sabotaged . | . . . . . . . . . . . Overloaded Fab Kills . | . . . . . . . . . . . Hacking | -11 -10 -9 -8 -7 -7 -6 -5 -5 -5 -5 --------- Run | Yrd Mat Mat Mat Fac DSF Fac Fac Was Fac Upp Machines Accessed 24 | . 8 5 3 2 . 3 . . 3 . Terminals 16 | . 6 4 2 1 . 1 . . 2 . Fabricators 1 | . . . . . . 1 . . . . Repair Stations 1 | . . . 1 . . . . . . . Recycling Units 3 | . 2 . . 1 . . . . . . Scanalyzers 3 | . . 1 . . . 1 . . 1 . Garrison Access . | . . . . . . . . . . . Total Hacks 62 | . 20 13 9 3 . 9 . . 8 . Successful 35 | . 12 8 8 2 . 4 . . 1 . Failed 27 | . 8 5 1 1 . 5 . . 7 . Catastrophic 2 | . . . . . . . . . 2 . Database Lockouts . | . . . . . . . . . . . Manual 32 | . 12 7 3 . . 4 . . 6 . Terminals 43 | . 17 9 5 1 . 5 . . 6 . Fabricators 2 | . . . . . . 2 . . . . Repair Stations 4 | . . . 4 . . . . . . . Recycling Units 5 | . 3 . . 2 . . . . . . Scanalyzers 8 | . . 4 . . . 2 . . 2 . Garrison Access . | . . . . . . . . . . . Terminal Hacks 12 | . 5 1 3 1 . 2 . . . . Record 2 | . . 1 . . . 1 . . . . Prototype ID Bank 1 | . 1 . . . . . . . . . Open DSF 1 | . . . . 1 . . . . . . Repair Station Index 1 | . . . 1 . . . . . . . Alert Level 2 | . . . 1 . . 1 . . . . Hauler Manifests 2 | . 1 . 1 . . . . . . . Zone Layout 3 | . 3 . . . . . . . . . Fabricator Hacks 1 | . . . . . . 1 . . . . Network Status 1 | . . . . . . 1 . . . . Repair Station Hacks 4 | . . . 4 . . . . . . . Scan Component 2 | . . . 2 . . . . . . . Repair 2 | . . . 2 . . . . . . . Recycling Unit Hacks 3 | . 2 . . 1 . . . . . . Report Inventory 3 | . 2 . . 1 . . . . . . Scanalyzer 5 | . . 4 . . . . . . 1 . Retrieve Study 5 | . . 4 . . . . . . 1 . Garrison Access Hacks . | . . . . . . . . . . . Unauthorized Hacks 10 | . 5 3 1 . . 1 . . . . Terminals 10 | . 5 3 1 . . 1 . . . . Botnet 10 | . 5 3 1 . . 1 . . . . Fabricators . | . . . . . . . . . . . Repair Stations . | . . . . . . . . . . . Recycling Units . | . . . . . . . . . . . Scanalyzers . | . . . . . . . . . . . Garrison Access . | . . . . . . . . . . . Data Cores Recovered 4 | . 1 3 . . . . . . . . Used . | . . . . . . . . . . . Hacking Detections 20 | . 5 5 3 1 . 3 . . 3 . Full Trace Events 2 | . . . 1 . . 1 . . . . Feedback Events . | . . . . . . . . . . . Feedback Blocked . | . . . . . . . . . . . Robot Schematics Acquired . | . . . . . . . . . . . Robots Built . | . . . . . . . . . . . Authchips . | . . . . . . . . . . . Time . | . . . . . . . . . . . Total Robot Build Rating . | . . . . . . . . . . . Part Schematics Acquired . | . . . . . . . . . . . Parts Built . | . . . . . . . . . . . Authchips . | . . . . . . . . . . . Time . | . . . . . . . . . . . Total Part Build Rating . | . . . . . . . . . . . Part Studies Acquired 4 | . . 3 . . . . . . 1 . Parts Repaired 2 | . . . 2 . . . . . . . Time 102 | . . . 102 . . . . . . . Parts Recycled . | . . . . . . . . . . . Recycled Matter . | . . . . . . . . . . . Retrieved Matter . | . . . . . . . . . . . Retrieved Components . | . . . . . . . . . . . Parts Scanalyzed . | . . . . . . . . . . . Part Schematics Acquired . | . . . . . . . . . . . Parts Damaged . | . . . . . . . . . . . Bothacking | -11 -10 -9 -8 -7 -7 -6 -5 -5 -5 -5 ------------ Run | Yrd Mat Mat Mat Fac DSF Fac Fac Was Fac Upp Used RIF Installer . | . . . . . . . . . . . Robots Hacked . | . . . . . . . . . . . Non-combat . | . . . . . . . . . . . Combat . | . . . . . . . . . . . Robot Hacks Applied . | . . . . . . . . . . . Relay Couplers Released . | . . . . . . . . . . . Fabnet Peak Effective % . | . . . . . . . . . . . Robots Rewired . | . . . . . . . . . . . Allies Hacked . | . . . . . . . . . . . Hacks Repelled . | . . . . . . . . . . . Allies | -11 -10 -9 -8 -7 -7 -6 -5 -5 -5 -5 -------- Run | Yrd Mat Mat Mat Fac DSF Fac Fac Was Fac Upp Total Allies 5 | . . . . . . . . 2 3 . Largest Group 3 | . . . . . . . . 1 3 . Highest-Rated Group 148 | . . . . . . . . 148 126 . Highest-Rated Ally 148 | . . . . . . . . 148 42 . Initial Warlord ECA Mod 9 | . . . . . . 9 8 8 8 8 Total Orders . | . . . . . . . . . . . Ally Attacks 49 | . . . . . . . . 36 13 . Total Damage 1990 | . . . . . . . . 1364 626 . Kills 9 | . . . . . . . . 3 6 . Allies Corrupted . | . . . . . . . . . . . Allies Melted . | . . . . . . . . . . . X0-1V1 Amusement Gains 194 | . 14 . 70 10 15 . . . 59 26 Average Entertainment 35 | . 13 5 29 40 47 55 41 41 52 74 Good Acts 28 | . . 3 4 . 2 4 . 5 10 . Bad Acts 19 | . . 4 6 1 1 2 . . 5 . Intel | -11 -10 -9 -8 -7 -7 -6 -5 -5 -5 -5 ------- Run | Yrd Mat Mat Mat Fac DSF Fac Fac Was Fac Upp Active Infowar (turns) 5355 | 28 1764 811 390 57 331 359 77 436 1102 . Sensors 518 | . . 421 97 . . . . . . . Terrain 1805 | . . . . . . 231 77 436 1061 . Structural 1606 | . 412 390 293 57 331 123 . . . . Seismic 1380 | 28 1352 . . . . . . . . . Triangulation 1614 | . . . . . . . 76 436 1102 . Jamming 1928 | . . . . . . 357 77 436 1058 . Robot Analysis Total . | . . . . . . . . . . . Derelict Logs Recovered . | . . . . . . . . . . . Drone Launches . | . . . . . . . . . . . Drone Recoveries . | . . . . . . . . . . . Exploration | -11 -10 -9 -8 -7 -7 -6 -5 -5 -5 -5 ------------- Run | Yrd Mat Mat Mat Fac DSF Fac Fac Was Fac Upp Turns Passed 6494 | 111 1866 1094 816 177 331 396 77 436 1139 51 Spaces Moved 3222 | 49 918 481 347 103 123 274 63 268 572 24 Core 60 | 1 . . . . . . . . 59 . Treads 2689 | 48 918 481 347 103 71 . . 184 513 24 Legs . | . . . . . . . . . . . Wheels 473 | . . . . . 52 274 63 84 . . Hover . | . . . . . . . . . . . Flight . | . . . . . . . . . . . Fastest Speed 50 | 50 160 160 161 163 100 100 100 100 50 160 Average Speed 153 | 157 160 168 168 163 167 109 100 141 149 160 Slowest Speed 250 | 160 160 170 170 163 250 115 100 160 240 160 Overloaded Moves . | . . . . . . . . . . . Propulsion Burnouts . | . . . . . . . . . . . Robots Hopped . | . . . . . . . . . . . Potential Cave-ins . | . . . . . . . . . . . Cave-ins Triggered . | . . . . . . . . . . . Exploration Rate (%) 35 | 4 96 43 30 2 84 9 2 88 23 7 Regions Visited 10 Branch Regions 1 Pre-discovered Areas 1 | . . . . . . . . . . 1 Known Exits Taken 2 | . . 1 . 1 . . . . . . Unknown Exits Taken 5 | 1 1 . 1 . . 1 . . 1 . Scrap Searched . | . . . . . . . . . . . Spaces Dug 24 | . 12 . 1 . . 7 . . 4 . Terrain Destroyed 357 | . 88 11 9 . 10 37 . 3 199 . Melee 11 | . . . 1 . . 6 . . 4 . Projectile 72 | . 12 . . . 10 2 . 3 45 . AOE 274 | . 76 11 8 . . 29 . . 150 . Terrain Rammed . | . . . . . . . . . . . Walls Destroyed . | . . . . . . . . . . . Machines Disabled . | . . . . . . . . . . . Actions | -11 -10 -9 -8 -7 -7 -6 -5 -5 -5 -5 --------- Run | Yrd Mat Mat Mat Fac DSF Fac Fac Was Fac Upp Total 4152 | 71 1168 654 482 112 181 342 76 299 735 32 Wait 287 | . 117 61 36 . . 26 6 . 41 . Move 3214 | 48 917 480 346 102 122 273 63 267 572 24 Hop . | . . . . . . . . . . . Pick Up 87 | 7 16 14 15 2 4 9 1 9 10 . Fast Attach 19 | 6 2 . . . 4 2 . 2 1 2 Attach 40 | 1 3 4 6 4 5 3 2 . 11 1 Detach 12 | . 2 . . 2 2 2 . . 4 . Swap 85 | 1 18 16 12 2 4 10 4 4 14 . Drop 75 | . 13 16 12 . 7 5 . 7 15 . Fire 267 | 8 74 57 33 . 28 6 . 10 51 . Melee 37 | . . . 22 . . 6 . . 9 . Ram 1 | . . . . . . . . . . 1 Kick . | . . . . . . . . . . . Crush 18 | . 6 6 . . . . . . 2 4 Escape Stasis 5 | . . . . . 5 . . . . . Rewire 5 | . . . . . . . . . 5 . Trap . | . . . . . . . . . . . Miscellaneous . | . . . . . . . . . . . Route ------- -11/Scrapyard -10/Materials (discovered 5 exits: *Mat x3 / [*Min] / [*Sub]) -9/Materials (discovered 3 exits: *Mat x3) -8/Materials -7/Factory -7/DSF -6/Factory -5/Factory -5/Waste -5/Factory (discovered 2 exits: Fac / [*Upp]) -5/Upper Caves History --------- Turn | Location | Event 11 | -11/Scrapyard | Discovered new exit (range 15) 112 | -11/Scrapyard | Entered Materials 301 | -10/Materials | Discovered new exit (range 8) 302 | -10/Materials | Build established: Mutant 453 | -10/Materials | Discovered new exit (range 14) 753 | -10/Materials | Discovered new exit (range 10) 1167 | -10/Materials | Discovered new exit (range 11) 1645 | -10/Materials | Core integrity fell below 50% 1862 | -10/Materials | Discovered new exit (range 7) 1877 | -10/Materials | Prayed at D.C.S.S. Altar Unit 1978 | -10/Materials | Entered another Materials area 1978 | -9/Materials | Evolved 2 slots: Utility x2 2327 | -9/Materials | KI resistance permanently improved by X0-1V1 (+10%; -100 max core) 2537 | -9/Materials | Discovered new exit (range 16) 2543 | -9/Materials | Identified exit to Materials 2543 | -9/Materials | X0-1V1 revealed exit location to -8/Materials 2736 | -9/Materials | X0-1V1 foreshadows a heat wave 2750 | -9/Materials | X0-1V1 added 0b10 threat records associated with you (considerable) 2890 | -9/Materials | Discovered exit to Materials (range 11) 2906 | -9/Materials | Ambient heat levels rising (+10) 2922 | -9/Materials | X0-1V1 added 0b10 threat records associated with you (considerable) 2990 | -9/Materials | X0-1V1 upgraded hostiles (x1) 3000 | -9/Materials | Core integrity fell below 50% 3072 | -9/Materials | Entered another Materials area 3072 | -8/Materials | Evolved 2 slots: Propulsion x1, Weapon x1 3495 | -8/Materials | Repaired Imp. Assault Rifle? 3560 | -8/Materials | Repaired Imp. Assault Rifle 3695 | -8/Materials | X0-1V1 added 0b10 threat records associated with you (major) 3753 | -8/Materials | Discovered new exit (range 9) 3872 | -8/Materials | First assault squad dispatched 3880 | -8/Materials | Core integrity restored by X0-1V1 (+126) 3888 | -8/Materials | Entered Factory 3888 | -7/Factory | Evolved 2 slots: Propulsion x1, Weapon x1 3920 | -7/Factory | X0-1V1 added 0b10 threat records associated with you (major) 4065 | -7/Factory | Identified exit to DSF 4065 | -7/Factory | Entered DSF 4112 | -7/DSF | Additional patrols routed to DSF 4212 | -7/DSF | Build established: Tank 4256 | -7/DSF | Discovered new exit (range 16) 4317 | -7/DSF | X0-1V1 downgraded hostiles (x2) 4324 | -7/DSF | System corruption reached 10% 4387 | -7/DSF | Sterilization system engaged 4396 | -7/DSF | Entered Factory 4396 | -6/Factory | Evolved 2 slots: Propulsion x1, Utility x1 4564 | -6/Factory | Inventory capacity permanently improved by X0-1V1 (+1; -100 max core) 4581 | -6/Factory | X0-1V1 made a cryptic comment about sterilization and BL-4Z3 4581 | -6/Factory | Garrison activated, responded to threat 4585 | -6/Factory | X0-1V1 released a cloud of subatomizers 4675 | -6/Factory | Sterilization system engaged 4675 | -6/Factory | Non-combat units ordered to evacuate 4720 | -6/Factory | Discovered new exit (range 13) 4775 | -6/Factory | Combat units ordered to evacuate 4792 | -6/Factory | Entered another Factory area 4792 | -5/Factory | Evolved 2 slots: Utility x2 4869 | -5/Factory | Sucked down chute 4869 | -5/Factory | Entered Waste 4870 | -5/Waste | Met a frightened Derelict 4880 | -5/Waste | Spotted C-40 Crusher 4898 | -5/Waste | Spotted C-40 Crusher 4900 | -5/Waste | Spotted C-40 Crusher 4903 | -5/Waste | Spotted C-40 Crusher 4903 | -5/Waste | Spotted C-40 Crusher 4906 | -5/Waste | Spotted C-40 Crusher 4954 | -5/Waste | X0-1V1 sent allied B-90 Cyclops (x1) 4959 | -5/Waste | Allies destroyed C-40 Crusher 4967 | -5/Waste | Allies destroyed C-40 Crusher 4982 | -5/Waste | Destroyed C-40 Crusher 4985 | -5/Waste | Destroyed C-40 Crusher 4996 | -5/Waste | Allies destroyed C-40 Crusher 5198 | -5/Waste | Heat dissipation permanently improved by X0-1V1 (+20; -100 max core) 5259 | -5/Waste | Discovered new exit (range 13) 5285 | -5/Waste | Build established: Hauler-Skirmisher 5305 | -5/Waste | Entered Factory 5417 | -5/Factory | X0-1V1 announced a LAN party 5488 | -5/Factory | Identified exit to Factory 5488 | -5/Factory | X0-1V1 revealed exit location to -4/Factory 5577 | -5/Factory | Garrison activated, responded to threat 5685 | -5/Factory | X0-1V1 sent you to a vault 5839 | -5/Factory | Lost 3 allies 5862 | -5/Factory | Found Prototype Launcher 5862 | -5/Factory | Identified Smartbomb Launcher 5867 | -5/Factory | Found Smartbomb Launcher 5929 | -5/Factory | X0-1V1 sent you into danger 6016 | -5/Factory | X0-1V1 put everyone to sleep 6241 | -5/Factory | Discovered new exit (range 20) 6352 | -5/Factory | Cargo convoy interrupted 6407 | -5/Factory | Released all parts (13) 6410 | -5/Factory | Core integrity fell below 50% 6410 | -5/Factory | System corruption reached 10% 6423 | -5/Factory | Core integrity fell below 20% 6438 | -5/Factory | Lost 5 parts (1p3u1w) 6444 | -5/Factory | Entered Upper Caves 6450 | -5/Upper Caves | Met a Warlord Commander 6451 | -5/Upper Caves | Learned location of Warlord (-5) 6452 | -5/Upper Caves | Warlord Commander delivered Encrypted Comm Array 6452 | -5/Upper Caves | Found Encrypted Comm Array 6495 | -5/Upper Caves | Destroyed by S-27 Virus with Autogun Last Messages --------------- we can do great things together." [Achievement: I Like You, Cogmind] 06452_ Acquired Encrypted Comm Array. 06453_ ZZ-Z08(g): "Keep it up and the more chaos you cause inside garrisons, the more forces we can redirect for attacks on primary facilities." 06454_ 5MZDCAZ=ZP 06495_ X0-1V1 howls with laughter! Map ----- +----------------------------------------------------+ | ?????????????????????????????????????????????? | | ?????????????????????????????????????????????? | | ?????????????????????????????????????????????? | | ?????????????????????????????????????????????? | | ?????????????????????????????????????????????? | | ?????????????????????????????????????????????? | | ?????????????????????????????????????????????? | | ?????????????????????????????????????????????? | | ?????????????????????????????????????????????? | | ?????????????????????????????????????????????? | | ?????????????????????????????????????????????? | | ?????????????????????????????????????????????? | | ?????????????????????????????????????????????? | | ?????????????????????????????????????????????? | | ?????????????????????????????????????????????? | | ?????????????????????????????????????????????? | | ?????????????????????????????????????????????? | | ????????????????????##???????????????????????? | | ????????????????????? #####??????????????????? | | ?????????????????????? ###????????????????? | | ?????????????????????? ##???????????????? | | ??????????????????????? #???????????????? | | ???????????????????????? #???????????????? | | ?????????????#??????????# #????????????????? | | ????????????## ?????????#ss#?????????????????? | | ???????????## ?????????#@s#?????????????????? | | ???????????# ????????#s #?????????????????? | | ???????????# ###?????# #?????????????????? | | ????????????# ###### ##?????????????????? | | ?????????????# # ## # ?????????????????? | | ??????????????# # # #???????????????? | | ??????????????# # ### #?#???????????????? | | ????????????##?# #??# #????????????????? | | ????????????# ### # ##?? #????????????????? | | ??????????### ## #?? ##????????????????? | | ??????????# ## ##??##?????????????????? | | ??????????# # ### #?????????????????????? | | ?????#??????# ## # #?????????????????????? | | ????## ?##??# # ##????????????????????? | | ????? # #??# # ###??????????????????? | | ???# # #?# ##?????????????????? | | ????# ## # # #?????????????????? | | ????# # #????????????????? | | ????# # # # ### #???????????????? | | ?????# ## # ### ##??# #???????????????? | | ??? ####?####????###???????????????? | | ??##### # #??????????????????????????????? | | ????????##### #??????????????????????????????? | | ????????????###??????????????????????????????? | | ?????????????????????????????????????????????? | +----------------------------------------------------+ Best States ------------- Heat Dissipation 72 Energy Generation 21 Energy Capacity 1425 Matter Stores 300 Matter Capacity 300 Sight Range 21 Robot Scan Range 14 Terrain Scan Range 20 Terrain Scan Density 210 Jamming Range 14 Armor Coverage 300 Resistance: KI 10 Propulsion Shielding 90 Evasion (%) 50 Recoil Reduction 4 Energy Filtering 50 Item Schematics ----------------- None Robot Schematics ------------------ None Fabricated ------------ Nothing Repaired ---------- Imp. Assault Rifle | 8% | -8/Materials Imp. Assault Rifle | 30% | -8/Materials Studied --------- Grenade Launcher | -9/Materials | Hacked Lgt. Treads | -9/Materials | Hacked Arm. Wheel | -9/Materials | Hacked Mass Driver | -5/Factory | Hacked Alien Tech Used ----------------- None Achievements -------------- Hot Goods I Like You, Cogmind No Room For Error Thread The Needle Around The Corner Total Silence Challenges ------------ None Game ------ Seed TerrabombEtherialChip Manual? 0 Play Time 02:16:12 Cumulative 100.6 hours Start 2026.08.29 @ 11:11:14 End 2026.09.03 @ 23:53:09 Sessions 7 Manual Loads 0 Difficulty Rogue Special Mode None Game No. 44 Rogue 44 Adventurer 0 Explorer 0 Win Type - Total 1 Types 1/0/0/0/0/0/0/0/0/0 Lore% 33 Gallery% 46 Achievement% 41 Wizard Run 0 Options --------- Layout 1 ASCII 0 Keyboard 0 Movement Arrows Keybinds 0 Fullscreen 2 Font 24/Smallcaps Map View 50x35 Zoom Use 60% Tactical HUD 1 Map Filters NONE Filters NONE Steam 1 RUN: 1b7ef68a-0945-4080-815c-6c731971a126